 Dungeon Crawl Stone Soup version 0.23.0 (console) character file.

Game seed: 12362197239958097112

952 Mandevil the Magician (level 7, -1/39 (40) HPs)
             Began as a Deep Elf Ice Elementalist on Feb 13, 2019.
             Slain by Grinder (6 damage)
             ... on level 5 of the Dungeon.
             The game lasted 00:13:52 (5031 turns).

Mandevil the Magician (Deep Elf Ice Elementalist)   Turns: 5031, Time: 00:13:52

HP:   -1/39 (40)    AC:  7    Str:  4 (5)  XL:     7   Next: 90%
MP:   3/19          EV: 18    Int: 20 (22) God:
Gold: 316           SH:  0    Dex: 18 (20) Spells: 10/20 levels left

rFire    . . .     SeeInvis .   a - +0 dagger
rCold    . . .     Gourm    .   (no shield)
rNeg     . . .     Faith    .   d - +0 robe
rPois    .         Spirit   .   p - +0 helmet
rElec    .         Reflect  .   n - +0 cloak
rCorr    .         Harm     .   (no gloves)
MR       +....                  s - +2 pair of boots
Stlth    +++.......             (no amulet)
HPRegen  0.13/turn              (no ring)
MPRegen  0.16/turn              (no ring)

@: agile, flying, very slightly contaminated
A: blink, magic resistance 1
a: Blink


You were on level 5 of the Dungeon.
You were near starving.

You visited 1 branch of the dungeon, and saw 5 of its levels.

You collected 316 gold pieces.

Inventory:

Hand Weapons
 a - a +0 dagger (weapon)
Armour
 d - a +0 robe (worn)
 n - a +0 cloak (worn)
 p - a +0 helmet (worn)
 s - a +2 pair of boots (worn)
Scrolls
 b - a scroll of random uselessness {unknown}
 e - 2 scrolls of remove curse {unknown}
 f - a scroll of enchant armour {unknown}
 g - 5 scrolls of identify {unknown}
 i - 2 scrolls of enchant weapon {unknown}
 j - a scroll of magic mapping {unknown}
 l - 3 scrolls of teleportation {unknown}
 m - a scroll of amnesia {unknown}
 x - a scroll of immolation {unknown}
Potions
 h - a potion of degeneration
 k - a potion of flight
 q - a potion of lignification {unknown}
 r - a potion of curing {unknown}
 t - a potion of might {unknown}
 u - a potion of berserk rage {unknown}
 v - a potion of heal wounds {unknown}
Comestibles
 c - 10 rations


   Skills:
 + Level 2.6 Fighting
 - Level 2.4 Dodging
 - Level 2.4 Stealth
 + Level 7.0 Spellcasting
 * Level 4.4 Conjurations
 * Level 6.7 Ice Magic


You had 10 spell levels left.
You knew the following spells:

 Your Spells              Type           Power        Failure   Level  Hunger
a - Freeze                Ice            ####         1%          1    None
f - Throw Frost           Conj/Ice       ####..       1%          2    None
i - Throw Icicle          Conj/Ice       ####....     10%         4    ###....
o - Ozocubu's Armour      Chrm/Ice       ###.....     7%          3    #......

Your spell library contained the following spells:

 Spells                   Type           Power        Failure   Level  Hunger
 Beastly Appendage        Tmut           #.....       10%         1    None
 Sticks to Snakes         Tmut           #.......     14%         2    None
 Ice Form                 Ice/Tmut       ###.....     24%         4    ###....
 Summon Ice Beast         Ice/Summ       ###.....     24%         4    ###....
 Spider Form              Tmut/Pois      #.........   28%         3    #......
 Blade Hands              Tmut           #.........   95%         5    #####..


Dungeon Overview and Level Annotations

Branches:
Dungeon (5/15)
 Temple: D:4-7

Altars:

Annotations:
D:5 Dowan, Grinder


Innate Abilities, Weirdness & Mutations

You can translocate small distances at will.
You are resistant to hostile enchantments. (MR+)


Message History

The adder skeleton bites you but does no damage.
Grinder hits you but does no damage.
Casting: Throw Icicle (safe; 10% risk of failure)
Confirm with . or Enter, or press ? or * to list all spells.
You don't have enough magic to cast that spell.
Unknown command.
It was a potion of agility.
You feel agile all of a sudden.
The adder skeleton completely misses you.
Grinder says, "Don't move a muscle."
Grinder hits you.
* * * LOW HITPOINT WARNING * * *
You writhe in agony.
* * * LOW HITPOINT WARNING * * *
It was a potion of mutation.
You feel extremely strange.
You feel jittery.
You feel resistant to hostile enchantments.
The adder skeleton completely misses you.
Grinder hits you.
You die...

#### #?..##
##.....##
##.......#
.......##.....
##.......#......
###...............
#eZ.#......../....
##5...............
###..............
##.............
###...).......
##.............
##..............
#...............
##..............


You could see Grinder and an adder skeleton.

Vanquished Creatures
  A necrophage (D:4)
  2 ogres
  2 centaurs (D:5)
  3 crimson imps
  A jelly (D:5)
  A gnoll shaman (D:4)
  Jessica (D:2)
  An iguana (D:4)
  Natasha (thrice) (D:2)
  2 worker ants (D:4)
  An orc wizard (D:3)
  Robin (D:2)
  4 gnolls
  3 adders
  A shadow imp (D:5)
  5 worms
  3 dart slugs
  4 leopard geckos
  3 orcs
  5 bats
  4 giant cockroaches
  12 goblins
  11 hobgoblins
  10 jackals
  3 frilled lizards
  9 kobolds
  A quokka zombie (D:5)
  6 rats
103 creatures vanquished.

Notes
Turn   | Place    | Note
-------+----------+-------------------------------------------
     0 | D:1      | Mandevil the Deep Elf Ice Elementalist began the quest for
                  | the Orb.
     0 | D:1      | Reached XP level 1. HP: 10/10 MP: 6/6
   268 | D:1      | Reached XP level 2. HP: 15/15 MP: 6/8
   449 | D:1      | Reached XP level 3. HP: 17/20 MP: 2/10
   451 | D:1      | Reached skill level 4 in Spellcasting
   803 | D:1      | Learned a level 2 spell: Throw Frost
   807 | D:1      | Learned a level 3 spell: Ozocubu's Armour
  1119 | D:2      | Noticed Natasha
  1223 | D:2      | Killed Natasha
  1223 | D:2      | Reached skill level 1 in Fighting
  1223 | D:2      | Reached XP level 4. HP: 24/25 MP: 8/12
  1263 | D:2      | Noticed Natasha
  1267 | D:2      | Killed Natasha
  1275 | D:2      | Noticed Jessica
  1278 | D:2      | Killed Jessica
  1432 | D:2      | Reached XP level 5. HP: 29/29 MP: 7/14
  1577 | D:2      | Noticed Natasha
  1597 | D:2      | Noticed Robin
  1620 | D:2      | Killed Robin
  1620 | D:2      | Reached skill level 5 in Spellcasting
  1741 | D:2      | Killed Natasha
  1741 | D:2      | Reached skill level 5 in Ice Magic
  2131 | D:3      | Learned a level 4 spell: Throw Icicle
  2534 | D:3      | Reached XP level 6. HP: 33/34 MP: 12/16
  3072 | D:4      | Reached skill level 6 in Spellcasting
  3812 | D:4      | Reached XP level 7. HP: 32/40 MP: 13/18
  4068 | D:5      | Entered Level 5 of the Dungeon
  4859 | D:5      | Noticed Dowan
  4999 | D:5      | Noticed Grinder
  5003 | D:5      | Reached skill level 7 in Spellcasting
  5031 | D:5      | Gained mutation: You can translocate small distances at
                  | will. [potion of mutation]
  5031 | D:5      | Gained mutation: You are resistant to hostile enchantments.
                  | (MR+) [potion of mutation]
  5031 | D:5      | Slain by Grinder

Skill      XL: |  1  2  3  4  5  6  7 |
---------------+----------------------+-----
Spellcasting   | 4 5 6 7 |  7.0
Ice Magic      | 4 5 6 |  6.7
Fighting       | 1 2 |  2.6
Conjurations   | 2 3 4 |  4.4
Dodging        | |  2.4
Stealth        | |  2.4

Action                   |  1- 3 |  4- 6 |  7- 9 || total
-------------------------+-------+-------+-------++-------
Melee: Dagger            |    28 |    15 |    32 ||    75
 Cast: Freeze            |    51 |    89 |    14 ||   154
       Throw Frost       |     1 |    21 |    15 ||    37
       Throw Icicle      |       |       |     9 ||     9
  Use: Potion            |       |       |     4 ||     4
 Stab: Sleeping          |     2 |     7 |     1 ||    10
  Eat: Chunk             |     1 |     7 |     4 ||    12
Armor: Robe              |    13 |    13 |    18 ||    44
Dodge: Dodged            |    60 |    40 |    29 ||   129
